Monarchs vs Blackdemons

Created - March 31, 2018 at 19:43

Goals
1 2 3 T
Monarchs 3 0 2 5
Blackdemons 2 4 1 7
Shots
1 2 3 T
Monarchs 15 14 13 42
Blackdemons 22 12 1 35

1st period

1. Monarchs , Eric Wellwood 41 (Connor Brown 40, Tyler Toffoli 49) at 0:37
2. Blackdemons , Martin Hanzal 44 (Keaton Ellerby 51) at 5:57
3. Blackdemons , Alexandre Grenier 19 (Andy McDonald 42, Patrice Cormier 45) at 11:29
4. Monarchs , Tom Pyatt 15 (Nail Yakupov 11, Bobby Sanguinetti 21) at 18:06
5. Monarchs , Eric Wellwood 42 (Matt Tennyson 34) at 19:47

Penalties :
Hampus Lindholm (MAN) for Interference (Minor) at 14:49

2nd period

6. Blackdemons , Blake Pietila 13 (Scott Timmins 10, Calvin de Haan 39) at 5:39
7. Blackdemons , Patrice Cormier 32 (Andy McDonald 43) at 9:28
8. Blackdemons , Patrice Cormier 33 (Andy McDonald 44, Keaton Ellerby 52) at 9:36
9. Blackdemons , Sergei Plotnikov 16 (Kyle Rau 26) at 11:25

Penalties :
No Penalty

3rd period

10. Monarchs , Tyler Toffoli 30 (Connor Brown 41, Ludwig Bystrom 5) at 4:19
11. Blackdemons , Patrice Cormier 34 (Andy McDonald 45, Mathew Dumba 27) at 13:59 (PP)
12. Monarchs , Rickard Rakell 19 (Kyle Clifford 13, Ludwig Bystrom 6) at 15:55

Penalties :
Jeffrey Foss (MJM) for Tripping (Minor) at 6:24, Connor Brown (MAN) for Holding (Minor) at 13:25, Morgan Rielly (MAN) for Holding (Minor) at 16:25

Goalie Stats

Niklas Backstrom (MAN), 28 saves from 35 shots - (0.800), L, 22-12-6, 60:00 minutes
Matt Hackett (MJM), 37 saves from 42 shots - (0.881), W, 33-15-3, 60:00 minutes

Players Stats for Monarchs

Player Name              G  A  P  +/- PIM S  H  SB GA TA FO     MP     PP MP  PK MP  
------------------------------------------------------------------------------------
Bobby Sanguinetti        0  1  1   1  0   1  1  1  0  1  0/0    16:38   0:00   1:07 
Chris Tierney            0  0  0  -2  0   2  0  0  0  1  6/18   15:49   0:00   0:46 
Colton Parayko           0  0  0  -2  0   1  1  1  0  0  0/0    22:02   0:00   3:25 
Connor Brown             0  2  2   2  2   1  1  0  0  0  0/0    16:17   1:00   0:00 
Eric Wellwood            2  0  2   2  0   8  4  2  0  1  0/0    17:39   0:59   1:30 
Hampus Lindholm          0  0  0  -2  2   1  1  0  0  0  0/0    19:30   0:47   0:47 
Jeff Skinner             0  0  0   1  0   0  1  0  0  0  0/0     9:55   0:47   0:12 
Kyle Clifford            0  1  1  -2  0   5  0  0  1  0  0/1    18:27   1:12   2:50 
Ludwig Bystrom           0  2  2   1  0   3  0  0  0  0  0/0    15:18   0:00   0:00 
Matt Tennyson            0  1  1   0  0   0  1  2  0  3  0/0    23:36   0:00   3:25 
Morgan Rielly            0  0  0   0  2   2  2  1  0  0  0/0    21:07   1:12   0:00 
Nail Yakupov             0  1  1   1  0   3  0  0  0  0  0/0     8:40   0:00   0:00 
Pierre-Alexandre Parente 0  0  0  -2  0   2  2  1  0  1  1/1    15:06   0:00   0:00 
Rickard Rakell           1  0  1  -2  0   5  0  0  0  1  3/18   15:55   0:59   0:25 
Riley Cote               0  0  0   0  0   0  0  0  0  0  3/4     2:50   0:00   2:50 
Teuvo Teravainen         0  0  0  -2  0   0  4  0  1  0  1/2    15:59   1:00   0:00 
Tobias Rieder            0  0  0  -2  0   1  0  0  0  1  1/3    15:30   0:59   0:00 
Tom Pyatt                1  0  1   1  0   3  0  0  1  0  1/3     8:52   0:00   0:31 
Ty Wishart               0  0  0   0  0   0  0  0  0  0  0/0     0:20   0:00   0:20 
Tyler Toffoli            1  1  2   2  0   4  1  0  1  0  5/10   15:55   1:00   0:00 

Players Stats for Blackdemons

Player Name              G  A  P  +/- PIM S  H  SB GA TA FO     MP     PP MP  PK MP  
------------------------------------------------------------------------------------
Ales Kotalik             0  0  0  -1  0   1  1  1  0  0  1/1    18:55   2:19   0:00 
Alexandre Grenier        1  0  1   3  0   3  1  1  1  0  0/2    18:26   2:13   0:00 
Andrew MacDonald         0  0  0   0  0   1  1  1  0  1  0/0    17:47   0:00   0:00 
Andy McDonald            0  4  4   3  0   4  1  1  2  0  0/0    19:00   2:13   0:30 
Blake Pietila            1  0  1   0  0   2  4  0  0  0  1/1     7:58   0:00   0:00 
Brett Kulak              0  0  0  -1  0   0  0  0  0  0  0/0     4:07   0:00   0:00 
Calvin de Haan           0  1  1   0  0   1  3  1  2  0  0/0    20:55   2:05   1:03 
Charles-Olivier Roussel  0  0  0  -1  0   0  0  0  0  0  0/0     4:07   0:00   0:00 
James Livingstone        0  0  0   0  0   0  0  0  0  0  0/0     7:58   0:00   0:00 
Jeffrey Foss             0  0  0   0  2   0  1  0  1  0  0/0    11:14   0:00   0:00 
Keaton Ellerby           0  2  2   2  0   1  1  1  0  1  0/0    24:21   2:27   0:56 
Kyle Rau                 0  1  1  -1  0   2  0  0  0  0  2/2    11:35   0:00   0:00 
Martin Hanzal            1  0  1  -1  0   6  2  1  1  0  17/27  19:39   2:19   0:20 
Mathew Dumba             0  1  1   2  0   0  1  0  0  1  0/0    24:21   2:27   0:56 
Max Friberg              0  0  0  -1  0   1  1  1  1  0  0/0    12:24   0:00   0:20 
Patrice Cormier          3  1  4   3  0   8  2  1  0  0  16/24  19:24   2:13   1:08 
Roman Josi               0  0  0   0  0   0  0  0  0  0  0/0    13:45   2:05   1:03 
Ronalds Kenins           0  0  0  -1  0   3  3  0  0  1  0/1    20:34   2:19   1:09 
Scott Timmins            0  1  1   0  0   0  0  0  0  0  2/2     9:22   0:00   0:31 
Sergei Plotnikov         1  0  1  -1  0   2  1  2  1  0  0/0    12:08   0:00   0:00 

3 Stars

1 - Patrice Cormier (MJM)
2 - Andy McDonald (MJM)
3 - Eric Wellwood (MAN)

Power Play

Monarchs - 0 on 1 Attempt(s) - 0.00%
Blackdemons - 1 on 3 Attempt(s) - 33.33%

Penalty Kill

Monarchs - 2 on 3 Attempt(s) - 66.67% - Score 0 goal in Penalty Kill
Blackdemons - 1 on 1 Attempt(s) - 100.00% - Score 0 goal in Penalty Kill

Team Stat

Monarchs - Hits : 19 - Faceoff Wins : 21 - Blocked Shots : 8 - Penalty Minutes : 6
Blackdemons - Hits : 23 - Faceoff Wins : 39 - Blocked Shots : 11 - Penalty Minutes : 2

Official

Referees : Pochmara Brian and Banfield David
Linesman : Dan Schachte and Don Henderson

Game Notes

5:39 of 2nd period - Blackdemons goal is going for a video replay. After video review, Goal.
Patrice Cormier has scored a Hat Trick!

Finance

Level 1 -- Attendance: 1432 (71.60%) -- Ticket Income $57,280
Level 2 -- Attendance: 793 (79.30%) -- Ticket Income $15,860
Total Attendance: 2225 (74.17%)
Total Ticket Income: $73,140
Other Income: $3,657
Total Income: $76,797

Monarchs

5 vs 5 Forward 
   Center                   Left Wing                Right Wing               Time % Phy DF OF 
 1 Tyler Toffoli            Eric Wellwood            Connor Brown             30     0   2  3  
 2 Rickard Rakell           Kyle Clifford            Tobias Rieder            30     0   3  2  
 3 Chris Tierney            Teuvo Teravainen         Pierre-Alexandre Parentea30     1   2  2  
 4 Tom Pyatt                Jeff Skinner             Nail Yakupov             10     1   2  2  

5 vs 5 Defense 
   Defense                  Defense                                           Time % Phy DF OF 
 1 Matt Tennyson            Morgan Rielly                                     40     0   3  2  
 2 Hampus Lindholm          Colton Parayko                                    35     0   3  2  
 3 Bobby Sanguinetti        Ludwig Bystrom                                    25     1   3  1  
 4 Hampus Lindholm          Bobby Sanguinetti                                 0      1   3  1  

PowerPlay Forward 
   Center                   Left Wing                Right Wing               Time % Phy DF OF 
 1 Tyler Toffoli            Teuvo Teravainen         Connor Brown             60     0   1  4  
 2 Rickard Rakell           Eric Wellwood            Tobias Rieder            40     0   1  4  

PowerPlay Defense
   Defense                  Defense                                           Time % Phy DF OF 
 1 Jeff Skinner             Hampus Lindholm                                   60     0   2  3  
 2 Kyle Clifford            Morgan Rielly                                     40     0   2  3  

Penalty Kill 4 Players Forward 
   Center                   Wing                     Time % Phy DF OF 
 1 Riley Cote               Kyle Clifford            60     1   3  1  
 2 Eric Wellwood            Chris Tierney            40     1   3  1  

Penalty Kill 4 Players Defense
   Defense                  Defense                  Time % Phy DF OF 
 1 Colton Parayko           Matt Tennyson            60     1   4  0  
 2 Hampus Lindholm          Bobby Sanguinetti        40     1   4  0  

Penalty Kill - 3 Players Forward 
   Forward                                           Time % Phy DF OF 
 1 Riley Cote                                        60     1   2  2  
 2 Eric Wellwood                                     40     1   2  2  

Penalty Kill - 3 Players Defense
   Defense                  Defense                  Time % Phy DF OF 
 1 Matt Tennyson            Colton Parayko           60     1   2  2  
 2 Bobby Sanguinetti        Hampus Lindholm          40     1   2  2  

4 vs 4 Forward 
   Center                   Wing                     Time % Phy DF OF 
 1 Connor Brown             Tyler Toffoli            60     1   2  2  
 2 Pierre-Alexandre ParenteaKyle Clifford            40     1   2  2  

4 vs 4 Defense
   Defense                  Defense                  Time % Phy DF OF 
 1 Hampus Lindholm          Colton Parayko           60     1   2  2  
 2 Morgan Rielly            Matt Tennyson            40     1   2  2  

Last Minutes Offensive
   Center                   Left Wing                Right Wing               Defense                  Defense                  
   Tyler Toffoli            Kyle Clifford            Pierre-Alexandre ParenteaHampus Lindholm          Morgan Rielly            

Last Minutes Defensive
   Center                   Left Wing                Right Wing               Defense                  Defense                  
   Chris Tierney            Riley Cote               Eric Wellwood            Hampus Lindholm          Matt Tennyson            

Goaltenders
Starting : Niklas Backstrom         
Backup : Tyler Beskorowany        

Extra Forwards
Normal : Connor Brown, Tobias Rieder, Nail Yakupov - PP : Chris Tierney, Riley Cote - PK : Tom Pyatt
Extra Defensemen
Normal : Hampus Lindholm, Ty Wishart, Matt Tennyson - PP : Matt Tennyson - PK : Ty Wishart, Ludwig Bystrom
Penalty Shots
Jeff Skinner, Riley Cote, Pierre-Alexandre Parenteau, Teuvo Teravainen, Tyler Toffoli

Scratches
Christophe Lalancette (Healthy), Dalton Smith (Healthy), Tyler McNeely (Healthy), Igor Makarov (Healthy), Ryan White (Healthy)
Trevor Lewis (Healthy), Anthony Peluso (Healthy), Jake Muzzin (Healthy), Alec Martinez (Left Knee Injury), Jeff Frazee (Healthy)

Blackdemons

5 vs 5 Forward 
   Center                   Left Wing                Right Wing               Time % Phy DF OF 
 1 Martin Hanzal            Ronalds Kenins           Ales Kotalik             37     0   2  3  
 2 Patrice Cormier          Andy McDonald            Alexandre Grenier        35     0   2  3  
 3 Kyle Rau                 Sergei Plotnikov         Max Friberg              20     1   2  2  
 4 Scott Timmins            Blake Pietila            James Livingstone        8      0   4  1  

5 vs 5 Defense 
   Defense                  Defense                                           Time % Phy DF OF 
 1 Mathew Dumba             Keaton Ellerby                                    40     0   3  2  
 2 Calvin de Haan           Andrew MacDonald                                  35     0   3  2  
 3 Roman Josi               Jeffrey Foss                                      20     1   2  2  
 4 Charles-Olivier Roussel  Brett Kulak                                       5      1   3  1  

PowerPlay Forward 
   Center                   Left Wing                Right Wing               Time % Phy DF OF 
 1 Martin Hanzal            Ronalds Kenins           Ales Kotalik             55     0   1  4  
 2 Patrice Cormier          Andy McDonald            Alexandre Grenier        45     0   1  4  

PowerPlay Defense
   Defense                  Defense                                           Time % Phy DF OF 
 1 Mathew Dumba             Keaton Ellerby                                    55     0   1  4  
 2 Roman Josi               Calvin de Haan                                    45     0   1  4  

Penalty Kill 4 Players Forward 
   Center                   Wing                     Time % Phy DF OF 
 1 Patrice Cormier          Ronalds Kenins           60     0   5  0  
 2 Martin Hanzal            Max Friberg              40     0   5  0  

Penalty Kill 4 Players Defense
   Defense                  Defense                  Time % Phy DF OF 
 1 Calvin de Haan           Roman Josi               60     0   5  0  
 2 Keaton Ellerby           Mathew Dumba             40     0   5  0  

Penalty Kill - 3 Players Forward 
   Forward                                           Time % Phy DF OF 
 1 Patrice Cormier                                   60     0   5  0  
 2 Max Friberg                                       40     0   5  0  

Penalty Kill - 3 Players Defense
   Defense                  Defense                  Time % Phy DF OF 
 1 Mathew Dumba             Keaton Ellerby           60     0   5  0  
 2 Calvin de Haan           Roman Josi               40     0   5  0  

4 vs 4 Forward 
   Center                   Wing                     Time % Phy DF OF 
 1 Martin Hanzal            Andy McDonald            60     1   2  2  
 2 Patrice Cormier          Ales Kotalik             40     1   2  2  

4 vs 4 Defense
   Defense                  Defense                  Time % Phy DF OF 
 1 Keaton Ellerby           Mathew Dumba             60     1   2  2  
 2 Andrew MacDonald         Roman Josi               40     1   2  2  

Last Minutes Offensive
   Center                   Left Wing                Right Wing               Defense                  Defense                  
   Martin Hanzal            Andy McDonald            Ales Kotalik             Keaton Ellerby           Andrew MacDonald         

Last Minutes Defensive
   Center                   Left Wing                Right Wing               Defense                  Defense                  
   Patrice Cormier          Andy McDonald            Ales Kotalik             Mathew Dumba             Keaton Ellerby           

Goaltenders
Starting : Matt Hackett             
Backup : Laurent Brossoit         

Extra Forwards
Normal : Martin Hanzal, Andy McDonald, Patrice Cormier - PP : Andy McDonald, Martin Hanzal - PK : Patrice Cormier
Extra Defensemen
Normal : Calvin de Haan, Mathew Dumba, Jeffrey Foss - PP : Mathew Dumba - PK : Mathew Dumba, Calvin de Haan
Penalty Shots
Martin Hanzal, Ales Kotalik, Ronalds Kenins, Andy McDonald, Alexandre Grenier

Scratches
Branko Radivojevic (Torn Left Knee Ligaments Injury), Colin Smith (Healthy), Klas Dahlbeck (Broken Bone (Left Foot) Injury), Jyrki Jokipakka (Healthy), Mackenzie MacEachern (Healthy)
Reece Scarlett (Healthy), Ben Maxwell (Healthy), Nicolas Deschamps (Healthy), Jacob Lagacé (Healthy), Alexander Salak (Healthy)
Sami Aittokallio (Healthy)

% Time on Ice - Monarchs

Lines # - Real PCT - Wanted PCT - Time Play
Normal Forward
1 - 29% - 30% - 15:30
2 - 27% - 30% - 14:39
3 - 28% - 30% - 14:59
4 - 16% - 10% - 8:21
Normal Defense
1 - 38% - 40% - 20:11
2 - 33% - 35% - 17:47
3 - 29% - 25% - 15:18
4 - 0% - 0% - 0:13
PP Forward
1 - 50% - 60% - 1:00
2 - 50% - 40% - 0:59
PP Defense
1 - 39% - 60% - 0:47
2 - 61% - 40% - 1:12
PK Forward
1 - 83% - 60% - 3:46
2 - 17% - 40% - 0:46
PK Defense
1 - 75% - 60% - 3:25
2 - 25% - 40% - 1:07
PK3 Forward
1 - 0% - 60%
2 - 0% - 40%
PK3 Defense
1 - 0% - 60%
2 - 0% - 40%
44 Forward
1 - 0% - 60%
2 - 0% - 40%
44 Defense
1 - 0% - 60%
2 - 0% - 40%
Last Minute Offensive  - 0:00
Last Minute Defensive  - 0:00
Total
Forward - 60:00
Defense - 60:00

% Time on Ice - Blackdemons

Lines # - Real PCT - Wanted PCT - Time Play
Normal Forward
1 - 33% - 37% - 17:49
2 - 30% - 35% - 16:07
3 - 22% - 20% - 11:35
4 - 15% - 8% - 7:58
Normal Defense
1 - 37% - 40% - 20:01
2 - 35% - 35% - 18:44
3 - 20% - 20% - 10:37
4 - 8% - 5% - 4:07
PP Forward
1 - 51% - 55% - 2:19
2 - 49% - 45% - 2:13
PP Defense
1 - 54% - 55% - 2:27
2 - 46% - 45% - 2:05
PK Forward
1 - 83% - 60% - 1:39
2 - 17% - 40% - 0:20
PK Defense
1 - 53% - 60% - 1:03
2 - 47% - 40% - 0:56
PK3 Forward
1 - 0% - 60%
2 - 0% - 40%
PK3 Defense
1 - 0% - 60%
2 - 0% - 40%
44 Forward
1 - 0% - 60%
2 - 0% - 40%
44 Defense
1 - 0% - 60%
2 - 0% - 40%
Last Minute Offensive  - 0:00
Last Minute Defensive  - 0:00
Total
Forward - 60:00
Defense - 60:00

Play by Play

1st period


0:01 of 1st period - Martin Hanzal wins face-off versus Tyler Toffoli in neutral zone.
0:08 of 1st period - Wrist shot by Martin Hanzal.
0:08 of 1st period - Stopped by Niklas Backstrom without a rebound.
0:09 of 1st period - Tyler Toffoli wins face-off versus Martin Hanzal in Monarchs zone.
0:09 of 1st period - Tyler Toffoli is hit by Ronalds Kenins.
0:23 of 1st period - Wrist shot by Connor Brown.
0:23 of 1st period - Shot Misses the Net.
0:37 of 1st period - Snap shot by Eric Wellwood.
0:37 of 1st period - Goal by Eric Wellwood - Monarchs : 1 - Blackdemons : 0.
0:38 of 1st period - Tobias Rieder wins face-off versus Alexandre Grenier in neutral zone.
1:04 of 1st period - Andrew MacDonald is hit by Hampus Lindholm and loses puck.
1:30 of 1st period - Wrist shot by Nail Yakupov.
1:30 of 1st period - Shot Misses the Net.
1:44 of 1st period - Backhand shot by Nail Yakupov.
1:44 of 1st period - Shot Blocked by Martin Hanzal.
2:26 of 1st period - Slapshot by Max Friberg.
2:26 of 1st period - Stopped by Niklas Backstrom with a rebound.
3:04 of 1st period - Morgan Rielly is hit by Andrew MacDonald and loses puck.
3:13 of 1st period - Snap shot by Patrice Cormier.
3:13 of 1st period - Stopped by Niklas Backstrom with a rebound.
3:39 of 1st period - Icing by Keaton Ellerby.
3:40 of 1st period - Chris Tierney wins face-off versus Martin Hanzal in Blackdemons zone.
3:56 of 1st period - Mathew Dumba is hit by Teuvo Teravainen and loses puck.
4:11 of 1st period - Wrist shot by Martin Hanzal.
4:11 of 1st period - Shot Misses the Net.
4:48 of 1st period - Slapshot by Calvin de Haan.
4:48 of 1st period - Stopped by Niklas Backstrom without a rebound.
4:49 of 1st period - Kyle Rau wins face-off versus Tom Pyatt in Monarchs zone.
5:04 of 1st period - Backhand shot by Tom Pyatt.
5:04 of 1st period - Shot Misses the Net.
5:33 of 1st period - Morgan Rielly is hit by Blake Pietila and loses puck.
5:57 of 1st period - Wrist shot by Martin Hanzal.
5:57 of 1st period - Goal by Martin Hanzal - Monarchs : 1 - Blackdemons : 1.
5:58 of 1st period - Teuvo Teravainen wins face-off versus Patrice Cormier in neutral zone.
6:24 of 1st period - Bobby Sanguinetti is hit by Keaton Ellerby.
6:28 of 1st period - Slapshot by Tyler Toffoli.
6:28 of 1st period - Stopped by Matt Hackett with a rebound.
6:34 of 1st period - Kyle Rau is hit by Eric Wellwood and loses puck.
6:58 of 1st period - Snap shot by Rickard Rakell.
6:58 of 1st period - Stopped by Matt Hackett without a rebound.
6:59 of 1st period - Patrice Cormier wins face-off versus Chris Tierney in Blackdemons zone.
6:59 of 1st period - Patrice Cormier is hit by Teuvo Teravainen.
7:24 of 1st period - Ales Kotalik is hit by Matt Tennyson and loses puck.
8:04 of 1st period - Jeff Skinner is hit by Blake Pietila.
8:08 of 1st period - Andrew MacDonald is hit by Jeff Skinner.
8:25 of 1st period - Wrist shot by Pierre-Alexandre Parenteau.
8:25 of 1st period - Shot Blocked by Calvin de Haan.
8:27 of 1st period - Snap shot by Chris Tierney.
8:27 of 1st period - Stopped by Matt Hackett with a rebound.
8:29 of 1st period - Wrist shot by Chris Tierney.
8:29 of 1st period - Stopped by Matt Hackett without a rebound.
8:30 of 1st period - Chris Tierney wins face-off versus Patrice Cormier in Blackdemons zone.
9:15 of 1st period - Snap shot by Tyler Toffoli.
9:15 of 1st period - Shot Blocked by Sergei Plotnikov.
9:17 of 1st period - Snap shot by Kyle Clifford.
9:17 of 1st period - Shot Misses the Net.
9:19 of 1st period - Snap shot by Tobias Rieder.
9:19 of 1st period - Stopped by Matt Hackett without a rebound.
9:20 of 1st period - Patrice Cormier wins face-off versus Rickard Rakell in Blackdemons zone.
9:27 of 1st period - Slapshot by Kyle Clifford.
9:27 of 1st period - Stopped by Matt Hackett without a rebound.
9:28 of 1st period - Patrice Cormier wins face-off versus Chris Tierney in Blackdemons zone.
9:55 of 1st period - Snap shot by Rickard Rakell.
9:55 of 1st period - Stopped by Matt Hackett without a rebound.
9:56 of 1st period - Martin Hanzal wins face-off versus Rickard Rakell in Blackdemons zone.
10:03 of 1st period - Snap shot by Rickard Rakell.
10:03 of 1st period - Stopped by Matt Hackett with a rebound.
10:19 of 1st period - Wrist shot by Ales Kotalik.
10:19 of 1st period - Stopped by Niklas Backstrom without a rebound.
10:20 of 1st period - Patrice Cormier wins face-off versus Tyler Toffoli in Monarchs zone.
10:25 of 1st period - Snap shot by Andy McDonald.
10:25 of 1st period - Stopped by Niklas Backstrom with a rebound.
10:27 of 1st period - Slapshot by Andy McDonald.
10:27 of 1st period - Shot Blocked by Eric Wellwood.
10:35 of 1st period - Slapshot by Andy McDonald.
10:35 of 1st period - Stopped by Niklas Backstrom with a rebound.
11:19 of 1st period - Slapshot by Max Friberg.
11:19 of 1st period - Shot Misses the Net.
11:21 of 1st period - Slapshot by Keaton Ellerby.
11:21 of 1st period - Stopped by Niklas Backstrom without a rebound.
11:22 of 1st period - Patrice Cormier wins face-off versus Chris Tierney in Monarchs zone.
11:29 of 1st period - Wrist shot by Alexandre Grenier.
11:29 of 1st period - Goal by Alexandre Grenier - Monarchs : 1 - Blackdemons : 2.
11:30 of 1st period - Chris Tierney wins face-off versus Patrice Cormier in neutral zone.
12:26 of 1st period - Snap shot by Eric Wellwood.
12:26 of 1st period - Stopped by Matt Hackett without a rebound.
12:27 of 1st period - Patrice Cormier wins face-off versus Chris Tierney in Blackdemons zone.
12:34 of 1st period - Chris Tierney is hit by Andy McDonald and loses puck.
12:53 of 1st period - Ales Kotalik is hit by Colton Parayko and loses puck.
13:02 of 1st period - Wrist shot by Martin Hanzal.
13:02 of 1st period - Stopped by Niklas Backstrom with a rebound.
13:16 of 1st period - Snap shot by Nail Yakupov.
13:16 of 1st period - Stopped by Matt Hackett without a rebound.
13:17 of 1st period - Tom Pyatt wins face-off versus Patrice Cormier in Blackdemons zone.
13:20 of 1st period - Snap shot by Nail Yakupov.
13:20 of 1st period - Stopped by Matt Hackett with a rebound.
13:26 of 1st period - Wrist shot by Alexandre Grenier.
13:26 of 1st period - Stopped by Niklas Backstrom with a rebound.
13:28 of 1st period - Slapshot by Alexandre Grenier.
13:28 of 1st period - Shot Misses the Net.
13:30 of 1st period - Wrist shot by Alexandre Grenier.
13:30 of 1st period - Stopped by Niklas Backstrom without a rebound.
13:31 of 1st period - Martin Hanzal wins face-off versus Chris Tierney in Monarchs zone.
13:32 of 1st period - Snap shot by Ales Kotalik.
13:32 of 1st period - Deflect By Martin Hanzal.
13:32 of 1st period - Stopped by Niklas Backstrom with a rebound.
13:42 of 1st period - Slapshot by Martin Hanzal.
13:42 of 1st period - Shot Blocked by Pierre-Alexandre Parenteau.
13:44 of 1st period - Slapshot by Andrew MacDonald.
13:44 of 1st period - Deflect By Bobby Sanguinetti.
13:44 of 1st period - Stopped by Niklas Backstrom without a rebound.
13:45 of 1st period - Rickard Rakell wins face-off versus Patrice Cormier in Monarchs zone.
14:12 of 1st period - Keaton Ellerby is hit by Pierre-Alexandre Parenteau and loses puck.
14:35 of 1st period - Snap shot by Kyle Rau.
14:35 of 1st period - Stopped by Niklas Backstrom with a rebound.
14:49 of 1st period - Minor Penalty to Hampus Lindholm for Interference.
14:50 of 1st period - Riley Cote wins face-off versus Martin Hanzal in Monarchs zone.
14:50 of 1st period - Riley Cote is hit by Calvin de Haan.
15:06 of 1st period - Slapshot by Martin Hanzal.
15:06 of 1st period - Stopped by Niklas Backstrom with a rebound.
15:18 of 1st period - Wrist shot by Patrice Cormier.
15:18 of 1st period - Stopped by Niklas Backstrom with a rebound.
15:22 of 1st period - Wrist shot by Andy McDonald.
15:22 of 1st period - Stopped by Niklas Backstrom without a rebound.
15:23 of 1st period - Patrice Cormier wins face-off versus Riley Cote in Monarchs zone.
15:40 of 1st period - Snap shot by Patrice Cormier.
15:40 of 1st period - Stopped by Niklas Backstrom with a rebound.
15:42 of 1st period - Snap shot by Andy McDonald.
15:42 of 1st period - Stopped by Niklas Backstrom without a rebound.
15:43 of 1st period - Martin Hanzal wins face-off versus Chris Tierney in Monarchs zone.
15:58 of 1st period - Wrist shot by Ronalds Kenins.
15:58 of 1st period - Stopped by Niklas Backstrom with a rebound.
16:49 of 1st period - Penalty to Hampus Lindholm is over, Hampus Lindholm is back on ice.
17:42 of 1st period - Slapshot by Calvin de Haan.
17:42 of 1st period - Shot Blocked by Eric Wellwood.
18:02 of 1st period - Slapshot by Nail Yakupov.
18:02 of 1st period - Shot Misses the Net.
18:04 of 1st period - Snap shot by Nail Yakupov.
18:04 of 1st period - Stopped by Matt Hackett with a rebound.
18:06 of 1st period - Wrist shot by Tom Pyatt.
18:06 of 1st period - Goal by Tom Pyatt - Monarchs : 2 - Blackdemons : 2.
18:07 of 1st period - Martin Hanzal wins face-off versus Rickard Rakell in neutral zone.
18:09 of 1st period - Off-side.
18:10 of 1st period - Martin Hanzal wins face-off versus Rickard Rakell in neutral zone.
19:47 of 1st period - Backhand shot by Eric Wellwood.
19:47 of 1st period - Goal by Eric Wellwood - Monarchs : 3 - Blackdemons : 2.
19:48 of 1st period - Patrice Cormier wins face-off versus Tobias Rieder in neutral zone.
Goals for this period are 3 for Monarchs vs 2 for Blackdemons.
Shots for this period are 15 for Monarchs vs 22 for Blackdemons.

2nd period


0:01 of 2nd period - Martin Hanzal wins face-off versus Rickard Rakell in neutral zone.
0:34 of 2nd period - Hampus Lindholm is hit by Mathew Dumba and loses puck.
0:59 of 2nd period - Snap shot by Sergei Plotnikov.
0:59 of 2nd period - Shot Blocked by Matt Tennyson.
1:08 of 2nd period - Icing by Nail Yakupov.
1:09 of 2nd period - Scott Timmins wins face-off versus Tom Pyatt in Monarchs zone.
1:12 of 2nd period - Wrist shot by Scott Timmins.
1:12 of 2nd period - Shot Misses the Net.
1:14 of 2nd period - Wrist shot by Blake Pietila.
1:14 of 2nd period - Stopped by Niklas Backstrom without a rebound.
1:15 of 2nd period - Rickard Rakell wins face-off versus Martin Hanzal in Monarchs zone.
1:15 of 2nd period - Rickard Rakell is hit by Ronalds Kenins.
1:23 of 2nd period - Snap shot by Kyle Clifford.
1:23 of 2nd period - Shot Misses the Net.
1:29 of 2nd period - Snap shot by Kyle Clifford.
1:29 of 2nd period - Stopped by Matt Hackett without a rebound.
1:30 of 2nd period - Pierre-Alexandre Parenteau wins face-off versus Patrice Cormier in Blackdemons zone.
2:01 of 2nd period - Wrist shot by Rickard Rakell.
2:01 of 2nd period - Shot Misses the Net.
2:21 of 2nd period - Snap shot by Kyle Rau.
2:21 of 2nd period - Stopped by Niklas Backstrom without a rebound.
2:22 of 2nd period - Tyler Toffoli wins face-off versus Alexandre Grenier in Monarchs zone.
2:29 of 2nd period - Snap shot by Eric Wellwood.
2:29 of 2nd period - Shot Blocked by Keaton Ellerby.
2:35 of 2nd period - Wrist shot by Tyler Toffoli.
2:35 of 2nd period - Stopped by Matt Hackett with a rebound.
2:37 of 2nd period - Slapshot by Ludwig Bystrom.
2:37 of 2nd period - Stopped by Matt Hackett with a rebound.
2:39 of 2nd period - Snap shot by Ludwig Bystrom.
2:39 of 2nd period - Stopped by Matt Hackett without a rebound.
2:40 of 2nd period - Martin Hanzal wins face-off versus Teuvo Teravainen in Blackdemons zone.
3:07 of 2nd period - Kyle Clifford is hit by Alexandre Grenier and loses puck.
4:16 of 2nd period - Sergei Plotnikov is hit by Teuvo Teravainen and loses puck.
4:59 of 2nd period - Wrist shot by Patrice Cormier.
4:59 of 2nd period - Shot Hit the Post.
5:01 of 2nd period - Snap shot by Andy McDonald.
5:01 of 2nd period - Shot Misses the Net.
5:37 of 2nd period - Slapshot by Calvin de Haan.
5:37 of 2nd period - Shot Misses the Net.
5:39 of 2nd period - Snap shot by Scott Timmins.
5:39 of 2nd period - Deflect By Blake Pietila.
5:39 of 2nd period - Blackdemons goal is going for a video replay.
5:39 of 2nd period - The goal is good.
5:39 of 2nd period - Goal by Blake Pietila - Monarchs : 3 - Blackdemons : 3.
5:40 of 2nd period - Martin Hanzal wins face-off versus Rickard Rakell in neutral zone.
5:42 of 2nd period - Off-side.
5:43 of 2nd period - Ales Kotalik wins face-off versus Rickard Rakell in neutral zone.
5:56 of 2nd period - Kyle Clifford is hit by Martin Hanzal and loses puck.
7:13 of 2nd period - Off-side.
7:14 of 2nd period - Blake Pietila wins face-off versus Chris Tierney in neutral zone.
7:37 of 2nd period - Icing by Teuvo Teravainen.
7:38 of 2nd period - Patrice Cormier wins face-off versus Chris Tierney in Monarchs zone.
8:07 of 2nd period - Off-side.
8:08 of 2nd period - Martin Hanzal wins face-off versus Rickard Rakell in neutral zone.
8:37 of 2nd period - Tyler Toffoli is hit by Patrice Cormier and loses puck.
8:44 of 2nd period - Snap shot by Patrice Cormier.
8:44 of 2nd period - Stopped by Niklas Backstrom with a rebound.
8:46 of 2nd period - Wrist shot by Patrice Cormier.
8:46 of 2nd period - Shot Misses the Net.
8:48 of 2nd period - Slapshot by Mathew Dumba.
8:48 of 2nd period - Shot Misses the Net.
9:00 of 2nd period - Slapshot by Nail Yakupov.
9:00 of 2nd period - Shot Misses the Net.
9:02 of 2nd period - Slapshot by Bobby Sanguinetti.
9:02 of 2nd period - Shot Misses the Net.
9:04 of 2nd period - Snap shot by Ludwig Bystrom.
9:04 of 2nd period - Shot Blocked by Max Friberg.
9:06 of 2nd period - Slapshot by Tom Pyatt.
9:06 of 2nd period - Stopped by Matt Hackett without a rebound.
9:07 of 2nd period - Martin Hanzal wins face-off versus Kyle Clifford in Blackdemons zone.
9:18 of 2nd period - Snap shot by Martin Hanzal.
9:18 of 2nd period - Stopped by Niklas Backstrom without a rebound.
9:19 of 2nd period - Patrice Cormier wins face-off versus Rickard Rakell in Monarchs zone.
9:24 of 2nd period - Snap shot by Patrice Cormier.
9:24 of 2nd period - Stopped by Niklas Backstrom without a rebound.
9:25 of 2nd period - Patrice Cormier wins face-off versus Rickard Rakell in Monarchs zone.
9:28 of 2nd period - Snap shot by Patrice Cormier.
9:28 of 2nd period - Goal by Patrice Cormier - Monarchs : 3 - Blackdemons : 4.
9:29 of 2nd period - Patrice Cormier wins face-off versus Rickard Rakell in neutral zone.
9:36 of 2nd period - Wrist shot by Patrice Cormier.
9:36 of 2nd period - Goal by Patrice Cormier - Monarchs : 3 - Blackdemons : 5.
9:37 of 2nd period - Martin Hanzal wins face-off versus Rickard Rakell in neutral zone.
9:46 of 2nd period - Slapshot by Ronalds Kenins.
9:46 of 2nd period - Stopped by Niklas Backstrom with a rebound.
10:25 of 2nd period - Wrist shot by Sergei Plotnikov.
10:25 of 2nd period - Stopped by Niklas Backstrom without a rebound.
10:26 of 2nd period - Kyle Rau wins face-off versus Tobias Rieder in Monarchs zone.
10:35 of 2nd period - Wrist shot by Kyle Clifford.
10:35 of 2nd period - Stopped by Matt Hackett without a rebound.
10:36 of 2nd period - Patrice Cormier wins face-off versus Rickard Rakell in Blackdemons zone.
11:25 of 2nd period - Wrist shot by Sergei Plotnikov.
11:25 of 2nd period - Goal by Sergei Plotnikov - Monarchs : 3 - Blackdemons : 6.
11:26 of 2nd period - Patrice Cormier wins face-off versus Chris Tierney in neutral zone.
11:50 of 2nd period - Icing by Matt Tennyson.
11:51 of 2nd period - Martin Hanzal wins face-off versus Chris Tierney in Monarchs zone.
12:04 of 2nd period - Backhand shot by Ronalds Kenins.
12:04 of 2nd period - Stopped by Niklas Backstrom without a rebound.
12:05 of 2nd period - Tyler Toffoli wins face-off versus Patrice Cormier in Monarchs zone.
12:18 of 2nd period - Slapshot by Eric Wellwood.
12:18 of 2nd period - Stopped by Matt Hackett with a rebound.
12:20 of 2nd period - Snap shot by Eric Wellwood.
12:20 of 2nd period - Shot Misses the Net.
12:32 of 2nd period - Rickard Rakell is hit by Ales Kotalik and loses puck.
13:31 of 2nd period - Slapshot by Bobby Sanguinetti.
13:31 of 2nd period - Stopped by Matt Hackett with a rebound.
13:33 of 2nd period - Slapshot by Ludwig Bystrom.
13:33 of 2nd period - Shot Blocked by Andy McDonald.
13:35 of 2nd period - Backhand shot by Eric Wellwood.
13:35 of 2nd period - Stopped by Matt Hackett with a rebound.
13:39 of 2nd period - Slapshot by Connor Brown.
13:39 of 2nd period - Shot Blocked by Patrice Cormier.
13:41 of 2nd period - Snap shot by Ludwig Bystrom.
13:41 of 2nd period - Stopped by Matt Hackett with a rebound.
14:00 of 2nd period - Off-side.
14:01 of 2nd period - Chris Tierney wins face-off versus Martin Hanzal in neutral zone.
14:16 of 2nd period - Snap shot by Ronalds Kenins.
14:16 of 2nd period - Shot Misses the Net.
14:21 of 2nd period - Icing by Teuvo Teravainen.
14:22 of 2nd period - Patrice Cormier wins face-off versus Chris Tierney in Monarchs zone.
14:29 of 2nd period - Snap shot by Teuvo Teravainen.
14:29 of 2nd period - Shot Misses the Net.
14:31 of 2nd period - Snap shot by Pierre-Alexandre Parenteau.
14:31 of 2nd period - Stopped by Matt Hackett without a rebound.
14:32 of 2nd period - Patrice Cormier wins face-off versus Tyler Toffoli in Blackdemons zone.
15:21 of 2nd period - Wrist shot by Andy McDonald.
15:21 of 2nd period - Shot Misses the Net.
15:51 of 2nd period - Slapshot by Hampus Lindholm.
15:51 of 2nd period - Stopped by Matt Hackett without a rebound.
15:52 of 2nd period - Martin Hanzal wins face-off versus Tyler Toffoli in Blackdemons zone.
15:52 of 2nd period - Martin Hanzal is hit by Tyler Toffoli.
16:02 of 2nd period - Wrist shot by Martin Hanzal.
16:02 of 2nd period - Shot Misses the Net.
16:49 of 2nd period - Tom Pyatt is hit by Blake Pietila and loses puck.
17:48 of 2nd period - Ronalds Kenins is hit by Eric Wellwood and loses puck.
19:09 of 2nd period - Mathew Dumba is hit by Morgan Rielly and loses puck.
19:34 of 2nd period - Jeffrey Foss is hit by Eric Wellwood and loses puck.
19:39 of 2nd period - Slapshot by Eric Wellwood.
19:39 of 2nd period - Stopped by Matt Hackett without a rebound.
19:40 of 2nd period - Tyler Toffoli wins face-off versus Martin Hanzal in Blackdemons zone.
19:41 of 2nd period - Slapshot by Eric Wellwood.
19:41 of 2nd period - Stopped by Matt Hackett with a rebound.
Goals for this period are 0 for Monarchs vs 4 for Blackdemons.
Shots for this period are 14 for Monarchs vs 12 for Blackdemons.

3rd period


0:01 of 3rd period - Chris Tierney wins face-off versus Martin Hanzal in neutral zone.
1:36 of 3rd period - Slapshot by Colton Parayko.
1:36 of 3rd period - Stopped by Matt Hackett with a rebound.
1:42 of 3rd period - Colton Parayko is hit by Martin Hanzal and loses puck.
2:22 of 3rd period - Max Friberg is hit by Pierre-Alexandre Parenteau and loses puck.
2:29 of 3rd period - Teuvo Teravainen is hit by Jeffrey Foss and loses puck.
2:59 of 3rd period - Icing by Andrew MacDonald.
3:00 of 3rd period - Martin Hanzal wins face-off versus Rickard Rakell in Blackdemons zone.
3:05 of 3rd period - Wrist shot by Kyle Clifford.
3:05 of 3rd period - Shot Blocked by Ales Kotalik.
4:09 of 3rd period - Slapshot by Tyler Toffoli.
4:09 of 3rd period - Stopped by Matt Hackett with a rebound.
4:11 of 3rd period - Snap shot by Eric Wellwood.
4:11 of 3rd period - Stopped by Matt Hackett with a rebound.
4:13 of 3rd period - Slapshot by Bobby Sanguinetti.
4:13 of 3rd period - Shot Misses the Net.
4:15 of 3rd period - Slapshot by Ludwig Bystrom.
4:15 of 3rd period - Shot Blocked by Sergei Plotnikov.
4:17 of 3rd period - Snap shot by Tyler Toffoli.
4:17 of 3rd period - Deflect By Connor Brown.
4:17 of 3rd period - Stopped by Matt Hackett with a rebound.
4:19 of 3rd period - Wrist shot by Tyler Toffoli.
4:19 of 3rd period - Goal by Tyler Toffoli - Monarchs : 4 - Blackdemons : 6.
4:20 of 3rd period - Rickard Rakell wins face-off versus Martin Hanzal in neutral zone.
4:23 of 3rd period - Slapshot by Rickard Rakell.
4:23 of 3rd period - Stopped by Matt Hackett with a rebound.
4:31 of 3rd period - Tobias Rieder is hit by Calvin de Haan and loses puck.
4:48 of 3rd period - Kyle Clifford is hit by Calvin de Haan and loses puck.
5:01 of 3rd period - Wrist shot by Rickard Rakell.
5:01 of 3rd period - Shot Blocked by Andrew MacDonald.
5:05 of 3rd period - Snap shot by Kyle Clifford.
5:05 of 3rd period - Stopped by Matt Hackett with a rebound.
5:07 of 3rd period - Slapshot by Morgan Rielly.
5:07 of 3rd period - Deflect By Calvin de Haan.
5:07 of 3rd period - Stopped by Matt Hackett with a rebound.
5:09 of 3rd period - Slapshot by Morgan Rielly.
5:09 of 3rd period - Stopped by Matt Hackett without a rebound.
5:10 of 3rd period - Chris Tierney wins face-off versus Ronalds Kenins in Blackdemons zone.
5:44 of 3rd period - Connor Brown is hit by Patrice Cormier.
6:04 of 3rd period - Slapshot by Tom Pyatt.
6:04 of 3rd period - Stopped by Matt Hackett with a rebound.
6:24 of 3rd period - Minor Penalty to Jeffrey Foss for Tripping.
6:25 of 3rd period - Tyler Toffoli wins face-off versus Patrice Cormier in Blackdemons zone.
7:18 of 3rd period - Off-side.
7:19 of 3rd period - Scott Timmins wins face-off versus Rickard Rakell in neutral zone.
7:26 of 3rd period - Mathew Dumba is hit by Eric Wellwood and loses puck.
8:24 of 3rd period - Penalty to Jeffrey Foss is over, Jeffrey Foss is back on ice.
8:54 of 3rd period - Jeffrey Foss is hit by Bobby Sanguinetti and loses puck.
10:02 of 3rd period - Tom Pyatt is hit by Blake Pietila.
10:57 of 3rd period - Tyler Toffoli is hit by Ronalds Kenins and loses puck.
12:03 of 3rd period - Blake Pietila is hit by Morgan Rielly and loses puck.
12:10 of 3rd period - Scott Timmins is hit by Connor Brown and loses puck.
13:25 of 3rd period - Minor Penalty to Connor Brown for Holding.
13:26 of 3rd period - Riley Cote wins face-off versus Martin Hanzal in Monarchs zone.
13:59 of 3rd period - Wrist shot by Patrice Cormier.
13:59 of 3rd period - Goal by Patrice Cormier - Monarchs : 4 - Blackdemons : 7.
14:00 of 3rd period - Martin Hanzal wins face-off versus Tyler Toffoli in neutral zone.
14:05 of 3rd period - Backhand shot by Mathew Dumba.
14:05 of 3rd period - Shot Blocked by Matt Tennyson.
14:11 of 3rd period - Wrist shot by Martin Hanzal.
14:11 of 3rd period - Shot Misses the Net.
14:13 of 3rd period - Slapshot by Keaton Ellerby.
14:13 of 3rd period - Shot Blocked by Morgan Rielly.
14:38 of 3rd period - Slapshot by Tyler Toffoli.
14:38 of 3rd period - Shot Misses the Net.
15:33 of 3rd period - Wrist shot by Scott Timmins.
15:33 of 3rd period - Shot Blocked by Bobby Sanguinetti.
15:53 of 3rd period - Backhand shot by Kyle Clifford.
15:53 of 3rd period - Stopped by Matt Hackett with a rebound.
15:55 of 3rd period - Wrist shot by Rickard Rakell.
15:55 of 3rd period - Goal by Rickard Rakell - Monarchs : 5 - Blackdemons : 7.
15:56 of 3rd period - Martin Hanzal wins face-off versus Chris Tierney in neutral zone.
16:05 of 3rd period - Martin Hanzal is hit by Teuvo Teravainen and loses puck.
16:25 of 3rd period - Minor Penalty to Morgan Rielly for Holding.
16:26 of 3rd period - Riley Cote wins face-off versus Martin Hanzal in Monarchs zone.
16:40 of 3rd period - Wrist shot by Martin Hanzal.
16:40 of 3rd period - Shot Blocked by Colton Parayko.
16:42 of 3rd period - Snap shot by Keaton Ellerby.
16:42 of 3rd period - Shot Misses the Net.
18:25 of 3rd period - Penalty to Morgan Rielly is over, Morgan Rielly is back on ice.
18:32 of 3rd period - Jeff Skinner is hit by Max Friberg and loses puck.
18:51 of 3rd period - Wrist shot by Rickard Rakell.
18:51 of 3rd period - Shot Blocked by Alexandre Grenier.
19:11 of 3rd period - Snap shot by Pierre-Alexandre Parenteau.
19:11 of 3rd period - Stopped by Matt Hackett with a rebound.
19:23 of 3rd period - Connor Brown is hit by Sergei Plotnikov and loses puck.
Goals for this period are 2 for Monarchs vs 1 for Blackdemons.
Shots for this period are 13 for Monarchs vs 1 for Blackdemons.